 Dungeon Crawl Stone Soup version 0.25-b1-46-gb8a1ec05df (webtiles) character file.

Game seed: 3881825077263645988

224 Chiseanne the Skirmisher (level 5, 0/42 HPs)
             Began as a Demonspawn Wanderer on June 9, 2020.
             Succumbed to a worker ant's poison
             ... on level 4 of the Dungeon.
             The game lasted 00:08:00 (1683 turns).

Chiseanne the Skirmisher (Demonspawn Wanderer)      Turns: 1683, Time: 00:08:00

Health: 0/42       AC:  5    Str: 15    XL:     5   Next: 67%
Magic:  0/5        EV: 12    Int: 12    God:
Gold:   87         SH:  4    Dex: 12    Spells: 3/4 levels left

rFire    . . .     SeeInvis .   a - +0 quarterstaff
rCold    . . .     Gourm    .   (shield currently unavailable)
rNeg     . . .     Faith    .   l - +0 ring mail
rPois    .         Spirit   +   (helmet restricted)
rElec    .         Reflect  .   d - scarf {harm}
rCorr    .         Harm     .   (no gloves)
MR       .....                  (no boots)
Stlth    +.........             (no amulet)
HPRegen  0.14/turn              (no ring)
MPRegen  0.09/turn              (no ring)

@: lethally poisoned (0 -> -4)
A: horns 1, large bone plates 1, magic shield
a: no special abilities


You were on level 4 of the Dungeon.
You were not hungry.

You visited 1 branch of the dungeon, and saw 4 of its levels.

You collected 87 gold pieces.

Inventory:

Hand Weapons
 a - a +0 quarterstaff (weapon)
 e - a +0 trident
 w - a +2 shortbow
Missiles
 b - 42 arrows
 h - 23 bolts
 i - 4 javelins (quivered)
 k - 30 sling bullets
Armour
 d - a scarf of harm (worn)
 l - a +0 ring mail (worn)
Scrolls
 g - 2 scrolls of teleportation
Comestibles
 c - 4 chunks of flesh
 f - 4 rations


   Skills:
 * Level 4.2 Fighting
 - Level 1.0 Bows
 * Level 2.4 Armour
 * Level 3.2 Dodging
 - Level 1.0 Stealth
 - Level 1.0 Translocations
   Level 1.7 Earth Magic
   Level 1.0 Evocations


You had 3 spell levels left.
You knew the following spells:

 Your Spells              Type           Power        Failure   Level  Hunger
a - Apportation           Tloc           #.....       38%         1    ##.....

Your spell library contained the following spells:

 Spells                   Type           Power        Failure   Level  Hunger
 Sandblast                Erth           #.....       30%         1    ##.....
 Stone Arrow              Conj/Erth      #.....       80%         3    ####...
 Portal Projectile        Hex/Tloc       #.....       83%         3    ####...


Dungeon Overview and Level Annotations

Branches:
Dungeon (4/15)
 Temple: D:4-7

Altars:
Dithmenos


Innate Abilities, Weirdness & Mutations

You have a pair of small horns on your head.
You are partially covered in large bone plates. (SH +4)
When hurt, damage is shared between your health and your magic reserves.


Message History

You are poisoned.
The worker ant poisons you!
You hit the worker ant.
You headbutt the worker ant, but do no damage.
The worker ant is almost dead.
You feel sick. The worker ant bites you.
* * * LOW HITPOINT WARNING * * *
You hit the worker ant but do no damage.
The worker ant is almost dead.
* * * LOW HITPOINT WARNING * * *
You feel sick.
The worker ant bites you but does no damage.
The worker ant closely misses you.
Your ring mail prevents you from hitting the worker ant.
The worker ant is almost dead.
* * * LOW HITPOINT WARNING * * *
You feel sick. You block the worker ant's attack.
You hit the worker ant.
You kill the worker ant!
You die...

# ...### #...
####<...##...###.# ###.
##...............## .#..
..............#...# .....
.................. .....
................# ......
...............## #..._..
...>÷...........##.......
................@†......(
.....#............##.....
..####...........## #.(
..# #...........# ..#
##...........). ..#
#...........## ..#
##.......##..# .##
######### ##. ##


There were no monsters in sight!

Vanquished Creatures
  3 worker ants (D:4)
  A hound skeleton (D:4)
  4 adders (D:2)
  A shadow imp (D:2)
  An ooze (D:4)
  5 worms
  2 dart slugs (D:1)
  A leopard gecko (D:1)
  8 orcs (D:3)
  3 giant cockroaches
  5 goblins
  8 hobgoblins
  8 jackals
  3 bats
  3 frilled lizards
  9 kobolds
  4 rats
69 creatures vanquished.

Notes
Turn   | Place    | Note
-------+----------+-------------------------------------------
     0 | D:1      | Chiseanne the Demonspawn Wanderer began the quest for the
                  | Orb.
     0 | D:1      | Chiseanne set off with the following items: a +2 shortbow,
                  | 24 arrows, a +0 robe, a ration; and the following spells
                  | available to memorise: Sandblast, Apportation, Stone Arrow,
                  | Portal Projectile
     0 | D:1      | Reached XP level 1. HP: 16/16 MP: 1/1
   159 | D:1      | Gained mutation: You have a pair of small horns on your
                  | head. [demonic ancestry]
   159 | D:1      | Reached XP level 2. HP: 23/23 MP: 2/2
   161 | D:1      | Reached skill level 1 in Dodging
   431 | D:1      | Gained mutation: When hurt, damage is shared between your
                  | health and your magic reserves. [demonic ancestry]
   431 | D:1      | Reached XP level 3. HP: 26/28 MP: 3/3
   539 | D:2      | Reached skill level 3 in Fighting
   566 | D:2      | HP: 1/29 [poisoned by an adder]
   778 | D:2      | Reached XP level 4. HP: 25/35 MP: 4/4
  1250 | D:3      | Learned a level 1 spell: Apportation
  1347 | D:3      | Noticed an orc warrior
  1368 | D:4      | Gained mutation: You are partially covered in large bone
                  | plates. (SH +4) [demonic ancestry]
  1368 | D:4      | Reached XP level 5. HP: 30/42 MP: 2/5
  1506 | D:4      | Reached skill level 4 in Fighting
  1657 | D:4      | Found a shadowy altar of Dithmenos.
  1678 | D:4      | HP: 2/42 [poisoned by a worker ant]
  1683 | D:4      | Succumbed to a worker ant's poison

Illustrated notes

Levels and vault maps discovered:
D:1:      dpeg_arrival_rooms_with_view, layout_rooms
D:2:      layout_basic, first_ration, minmay_split_cup_small
D:3:      layout_rooms, kennysheep_boxes, uniq_jessica
D:4:      layout_cave_pods, serial_shops, shop, nicolae_dithmenos_shadow_blocks

Skill      XL: |  1  2  3  4  5 |
---------------+----------------+-----
Dodging        | 1 2 3 |  3.2
Fighting       | 3 4 |  4.2
Armour         | 2 |  2.4
Bows           | |  1.0
Stealth        | |  1.0
Translocations | |  1.0
Earth Magic    | |  1.7
Evocations     | |  1.0

Action                   |  1- 3 |  4- 6 || total
-------------------------+-------+-------++-------
Melee: Quarterstaff      |       |    44 ||    44
       Headbutt          |       |     5 ||     5
 Fire: Shortbow          |   111 |    84 ||   195
  Use: Scroll            |       |     3 ||     3
       Potion            |       |     1 ||     1
  Eat: Chunk             |       |     2 ||     2
Armor: Robe              |    10 |       ||    10
       Ring mail         |       |    32 ||    32
Dodge: Dodged            |    29 |    70 ||    99
Block: Other             |       |    15 ||    15
